 Dungeon Crawl Stone Soup version 0.28.0 (webtiles) character file.

Game seed: 9340878195082654568

1266 Sanktem7 the Carver (level 8, -2/71 HPs)
             Began as a Minotaur Fighter on Feb 9, 2022.
             Slain by an iguana (5 damage)
             ... on level 5 of the Dungeon.
             The game lasted 00:07:18 (4345 turns).

Sanktem7 the Carver (Minotaur Fighter)              Turns: 4345, Time: 00:07:19

Health: -2/71      AC: 14    Str: 22    XL:     8   Next: 27%
Magic:  7/7        EV:  6    Int:  5    God:
Gold:   257        SH:  4    Dex: 11    Spells: 7/7 levels left

rFire   + . .      SeeInvis .   a - +1 long sword
rCold   . . .      Faith    .   c - +0 buckler
rNeg    . . .      Spirit   .   u - +0 plate armour {rF+}
rPois   .          Reflect  .   (helmet restricted)
rElec   .          Harm     .   (no cloak)
rCorr   .          Rampage  .   k - +0 pair of gloves
Will    .....                   (no boots)
Stlth   ..........              (no amulet)
HPRegen 0.21/turn               (no ring)
MPRegen 0.10/turn               (no ring)

@: no status effects
A: horns 2, retaliatory headbutt
a: no special abilities


You were on level 5 of the Dungeon.
You visited 1 branch of the dungeon, and saw 5 of its levels.

You collected 257 gold pieces.

Inventory:

Hand Weapons
 a - a +1 long sword (weapon)
Missiles
 i - a throwing net (quivered)
Armour
 b - a +0 scale mail
 c - a +0 buckler (worn)
 k - a +0 pair of gloves (worn)
 u - a +0 plate armour of fire resistance (worn)
Jewellery
 r - a +6 ring of intelligence
 t - a +6 ring of dexterity
Wands
 q - a wand of iceblast (12)
Scrolls
 e - a scroll of identify
 g - a scroll of noise
 p - 2 scrolls of immolation
Potions
 d - a potion of might
 m - a potion of curing


   Skills:
 * Level 6.4 Fighting
 * Level 8.9 Long Blades
 * Level 7.5 Armour
 + Level 0.2 Stealth
 - Level 3.6 Shields


You had 7 spell levels left.
You didn't know any spells.
Your spell library was empty.

Dungeon Overview and Level Annotations

Branches:
Dungeon (5/15)             Temple (0/1) D:5

Altars:


Innate Abilities, Weirdness & Mutations

You have a pair of horns on your head.
You reflexively headbutt those who attack you in melee.


Message History

The iguana bites you but does no damage.
You closely miss the iguana.
The iguana is lightly wounded.
The iguana bites you but does no damage.
The orc warrior hits you with a +0 war axe!
You hit the iguana.
The iguana is heavily wounded.
The orc wizard gestures wildly while chanting.
The orc wizard flickers and vanishes!
Deactivating autopickup; reactivate with Ctrl-A.
The iguana completely misses you. You furiously retaliate!
You headbutt the iguana.
The orc wizard casts a spell.
The orc wizard flickers and vanishes!
You hit the iguana but do no damage. You headbutt the iguana.
The iguana is almost dead.
The iguana bites you but does no damage.
The orc warrior hits you with a +0 war axe!
* * * LOW HITPOINT WARNING * * *
You barely miss the iguana.
The iguana is almost dead.
The iguana bites you but does no damage.
You block the orc warrior's attack.
You hit the iguana but do no damage.
The iguana is almost dead.
You hear some strange, mumbled words.
Something tries to affect you, but you resist.
The iguana bites you.
* * * LOW HITPOINT WARNING * * *
The orc warrior hits you with a +0 war axe.
* * * LOW HITPOINT WARNING * * *
You barely miss the iguana. Your headbutt misses the iguana.
The iguana is almost dead.
You block something's attack. The iguana bites you.
* * * LOW HITPOINT WARNING * * *
The orc warrior hits you but does no damage.
You hit the iguana but do no damage. Your headbutt misses the iguana.
The iguana is almost dead.
Something hits you but does no damage. The iguana bites you.
You die...

,,,,,,*****,,,,,,,,,*,* *,*
,,,,,,.....,,,,,,,,,*,* *,*
,,,,,,.....#####*****,* *,*
,,,,,,..........<,,,,,* *,*
,,,**,.........##********,*
,,,**,.........',,,,,,,,,,*
**,,,,.........#***********
**,,,,........{####
,,,,,*,,,#....ol@"#
,,,,,,,,,#......o.#
,,,,,,,,,#........#
,,,,,,,,,#........#
,,,,,,,,*#........#
,,,,,,,,*#........#
,,,,,,,,*#........#
****,,,,*#........#
*,,,,*#........#


You could see an orc warrior, an iguana and an orc.

Vanquished Creatures
  Sigmund (D:4)
  Edmund (D:5)
  An ice beast (D:5)
  A sky beast (D:5)
  A centaur (D:5)
  3 phantoms
  Blork the orc (D:4)
  A scorpion (D:5)
  4 hounds
  A bullfrog skeleton (D:5)
  Ijyb (D:4)
  Natasha (thrice) (D:2)
  An adder (D:4)
  A gnoll (D:1)
  3 worms
  5 dart slugs
  9 orcs
  9 endoplasms
  7 giant cockroaches
  6 goblins
  8 hobgoblins
  3 jackals (D:2)
  10 kobolds
  4 quokkas
  8 ball pythons
  13 bats
  4 frilled lizards
  11 rats
121 creatures vanquished.

Notes
Turn   | Place    | Note
-------+----------+-------------------------------------------
     0 | D:1      | Sanktem7 the Minotaur Fighter began the quest for the Orb.
     0 | D:1      | Reached XP level 1. HP: 19/19 MP: 0/0
    28 | D:1      | Reached XP level 2. HP: 11/27 MP: 1/1
   387 | D:1      | Found a faded altar of an unknown god.
   545 | D:1      | Reached XP level 3. HP: 23/33 MP: 2/2
   657 | D:1      | Reached skill level 3 in Long Blades
  1413 | D:2      | Reached XP level 4. HP: 31/41 MP: 3/3
  1634 | D:2      | Reached skill level 4 in Long Blades
  1807 | D:2      | Noticed Natasha
  1818 | D:2      | Killed Natasha
  2125 | D:2      | Noticed Natasha
  2130 | D:2      | Killed Natasha
  2131 | D:2      | Reached XP level 5. HP: 42/47 MP: 4/4
  2264 | D:2      | Noticed Natasha
  2271 | D:2      | Killed Natasha
  2272 | D:2      | Reached skill level 5 in Long Blades
  2272 | D:2      | Reached skill level 5 in Armour
  2474 | D:3      | Noticed a phantom
  2481 | D:3      | Killed a phantom
  2492 | D:3      | Reached XP level 6. HP: 53/55 MP: 5/5
  2717 | D:4      | Noticed Blork the orc
  2725 | D:4      | Killed Blork the orc
  2726 | D:4      | Reached skill level 5 in Fighting
  2726 | D:4      | Reached skill level 6 in Long Blades
  3158 | D:4      | Noticed Ijyb
  3164 | D:4      | Killed Ijyb
  3294 | D:4      | Noticed Sigmund
  3301 | D:4      | Killed Sigmund
  3302 | D:4      | Reached skill level 7 in Long Blades
  3302 | D:4      | Reached XP level 7. HP: 36/61 MP: 6/6
  3651 | D:5      | Entered Level 5 of the Dungeon
  3653 | D:5      | Noticed Edmund
  3662 | D:5      | Killed Edmund
  3900 | D:5      | Reached skill level 8 in Long Blades
  3904 | D:5      | Reached XP level 8. HP: 46/70 MP: 7/7
  4117 | D:5      | Found a staircase to the Ecumenical Temple.
  4344 | D:5      | HP: 3/71 [iguana (5)]
  4345 | D:5      | Slain by an iguana

Illustrated notes

Levels and vault maps discovered:
D:1:      dpeg_arrival_subterranean_lakeside_camping, layout_basic,
          basic_ecumenical_altar, chequers_serial_rivers_small_b,
          roderic_lattice_a
D:2:      minmay_recursive_quarters, layout_rooms, uniq_natasha
D:3:      layout_rooms
D:4:      nicolae_cairo_tiling, layout_cave_pools, uniq_ijyb,
          uniq_blork_the_orc, uniq_sigmund
D:5:      layout_basic, minmay_temple_entry_purple_smoke,
          kennysheep_nondescript, uniq_edmund

Skill      XL: |  1  2  3  4  5  6  7  8 |
---------------+-------------------------+-----
Armour         | 4 5 6 7 |  7.5
Fighting       | 4 5 6 |  6.4
Long Blades    | 3 4 5 7 8 |  8.9
Stealth        | |  0.2
Shields        | |  3.6

Action                   |  1- 3 |  4- 6 |  7- 9 || total
-------------------------+-------+-------+-------++-------
Melee: Long sword        |    85 |   113 |    84 ||   282
       Headbutt          |    12 |    22 |    14 ||    48
  Use: Scroll            |       |       |     6 ||     6
       Potion            |       |       |     4 ||     4
Armor: Scale mail        |    45 |    56 |    15 ||   116
       Plate armour      |       |       |    49 ||    49
Dodge: Dodged            |    51 |    50 |    31 ||   132
Block: Buckler           |    24 |    21 |    27 ||    72
